Map: Frozen Temple

Players

Miszu

  • Race: Protoss Protoss
  • League: Master

iNcontroL - Winner!

  • Race: Protoss Protoss
  • League: Master

VOD

Have the link to the VOD?

Description

Time

  • Played on: June 29, 2016, 4:36 p.m.
  • Length: 14:38
Show
View Real Time Build Order
Export as new Build Order

Miszu Protoss 

Build Orders:  

Get SALT Encoding   

  12  0:01  Probe (Chrono Boost)  
  13  0:11  Probe (Chrono Boost)  
  14  0:18  Pylon  
  14  0:22  Probe (Chrono Boost)  
  15  0:36  Probe (Chrono Boost)  
  15  0:38  Gateway  
  16  0:47  Probe (Chrono Boost)  
  16  0:48  Assimilator  
  17  0:57  Probe (Chrono Boost)  
  17  1:03  Assimilator  
  18  1:07  Gateway  
  18  1:08  Probe (Chrono Boost)  
  20  1:18  Probe (Chrono Boost)  
  20  1:27  Cybernetics Core  
  20  1:29  Probe (Chrono Boost)  
  21  1:39  Probe (Chrono Boost)  
  22  1:40  Pylon  
  22  2:03  Warp Gate  
  22  2:04  Adept x2  
  28  2:09  Mothership Core (Chrono Boost)  
  28  2:17  Pylon  
  28  2:30  Stalker  
  28  2:35  Stalker  
  32  2:54  Nexus  
  32  2:57  Probe (Chrono Boost)  
  33  3:02  Pylon  
  33  3:12  Stalker  
  35  3:21  Stalker  
  35  3:42  Probe (Chrono Boost)  
  35  3:46  Twilight Council  
  36  3:53  Probe (Chrono Boost)  
  36  3:55  Gateway  
  35  4:03  Probe (Chrono Boost)  
  35  4:21  Stalker x2  
  39  4:25  Probe x2 (Chrono Boost)  
  39  4:30  Blink (Chrono Boost)  
  41  4:34  Probe  
  41  4:37  Probe  
  43  4:45  Probe  
  43  4:47  Robotics Facility  
  43  4:49  Probe  
  43  5:04  Probe  
  43  5:06  Probe  
  43  5:07  Stalker x2  
  49  5:15  Probe  
  49  5:18  Probe  
  49  5:20  Pylon  
  49  5:34  Probe  
  49  5:35  Probe  
  48  5:40  Gateway  
  48  5:41  Gateway  
  48  5:44  Probe  
  48  5:45  Gateway  
  48  5:47  Probe  
  50  5:55  Probe  
  50  5:59  Mothership Core  
  51  6:14  Probe  
  51  6:15  Stalker x3  
  58  6:20  Probe  
  58  6:25  Probe  
  61  6:32  Probe  
  61  6:35  Probe  
  62  6:44  Nexus  
  62  6:45  Pylon  
  62  6:46  Probe x2  
  63  6:48  Assimilator  
  63  6:49  Assimilator  
  64  7:01  Sentry x2  
  68  7:02  Probe  
  68  7:03  Probe  
  70  7:11  Pylon  
  70  7:14  Probe  
  70  7:15  Probe  
  70  7:20  Immortal (Chrono Boost)  
  70  7:22  Pylon  
  75  7:27  Charge (Chrono Boost)  
  75  7:31  Probe x2  
  77  7:42  Probe  
  77  7:44  Probe  
  79  7:45  Forge  
  79  7:48  Pylon  
  79  7:55  Probe x2  
  79  7:56  Probe  
  79  7:57  Immortal (Chrono Boost)  
  82  8:05  Probe  
  86  8:07  Probe  
  86  8:08  Probe  
  89  8:17  Probe  
  89  8:19  Protoss Ground Weapons Level 1 (Chrono Boost), Probe  
  91  8:30  Templar Archives  
  91  8:32  Pylon, Zealot  
  91  8:33  Zealot x2  
  100  8:36  Stalker  
  100  8:37  Stalker x2  
  100  8:41  Immortal  
  103  8:45  Pylon  
  98  9:08  Stalker x3  
  98  9:09  Stalker x3  
  56  9:50  Immortal  
  56  9:52  Stalker x5  
  58  9:53  Stalker  
  66  10:17  Protoss Ground Weapons Level 2 (Chrono Boost)  
  66  10:23  High Templar x2  
  66  10:24  High Templar x2, Immortal  
  66  10:27  Nexus  
  66  10:28  Archon x2, Pylon  
  74  10:30  Probe x2  
  80  10:37  Zealot x2  
  80  10:42  Probe x2  
  86  10:48  Pylon  
  86  10:54  Probe x2  
  88  10:58  High Templar x2  
  88  10:59  Zealot x4  
  88  11:02  Archon  
  100  11:06  Probe x2  
  100  11:09  Immortal  
  106  11:21  Zealot x2  
  110  11:26  Mothership Core  
  110  11:27  Probe  
  113  11:38  Probe  
  113  11:39  Probe  
  114  11:43  High Templar  
  114  11:44  High Templar, Zealot x3  
  125  11:48  Archon  
  123  12:02  High Templar  
  123  12:08  High Templar, Assimilator  
  127  12:09  Assimilator, Zealot x2  
  127  12:12  Archon  
  127  12:14  Pylon  
  131  12:21  Pylon, Zealot  
  133  12:23  Pylon  
  133  12:27  Immortal  
  133  12:30  Probe  
  133  12:32  Probe x2  
  140  12:40  Zealot x3  
  146  12:52  High Templar  
  146  12:53  High Templar, Zealot  
  146  12:56  Archon  
  152  13:01  Warp Prism  
  152  13:07  Zealot  
  152  13:12  Pylon x2  
  156  13:15  Pylon  
  156  13:18  Probe  
  157  13:34  High Templar, Observer  
  157  13:35  High Templar x3  
  157  13:36  Zealot x2  
  157  13:38  Archon  
  157  13:39  Archon  
  170  13:51  Nexus  
  170  13:52  Pylon  
  164  14:15  Zealot x6  
Show
View Real Time Build Order
Export as new Build Order

iNcontroL Protoss - Winner!

Build Orders: Phoenix Opening 

Get SALT Encoding   

  12  0:00  Probe (Chrono Boost)  
  13  0:11  Probe (Chrono Boost)  
  14  0:19  Pylon  
  14  0:22  Probe (Chrono Boost)  
  15  0:37  Probe (Chrono Boost)  
  15  0:38  Gateway  
  16  0:43  Assimilator  
  16  0:48  Probe (Chrono Boost)  
  17  0:54  Assimilator  
  17  0:58  Probe (Chrono Boost)  
  18  1:09  Probe (Chrono Boost)  
  19  1:19  Probe (Chrono Boost)  
  20  1:27  Cybernetics Core  
  20  1:30  Probe (Chrono Boost)  
  21  1:34  Pylon  
  21  1:40  Probe (Chrono Boost)  
  22  1:51  Probe (Chrono Boost)  
  23  2:04  Stalker, Mothership Core (Chrono Boost)  
  27  2:12  Stargate  
  27  2:17  Warp Gate  
  27  2:23  Pylon  
  27  2:34  Adept  
  29  2:41  Gateway  
  30  2:44  Probe (Chrono Boost)  
  30  2:54  Probe (Chrono Boost)  
  30  2:55  Phoenix (Chrono Boost)  
  33  3:18  Phoenix (Chrono Boost)  
  35  3:21  Pylon  
  34  3:40  Phoenix (Chrono Boost)  
  34  3:43  Probe  
  35  3:48  Nexus  
  35  4:01  Phoenix (Chrono Boost)  
  37  4:14  Robotics Facility  
  37  4:23  Phoenix (Chrono Boost)  
  39  4:26  Probe  
  40  4:34  Pylon  
  40  4:39  Sentry  
  42  4:57  Probe  
  42  4:59  Probe  
  43  5:02  Observer  
  43  5:07  Phoenix (Chrono Boost)  
  43  5:09  Probe  
  43  5:10  Probe  
  47  5:15  Pylon  
  47  5:21  Probe  
  48  5:25  Probe  
  49  5:33  Probe  
  49  5:34  Phoenix (Chrono Boost)  
  50  5:37  Probe  
  50  5:41  Pylon  
  51  5:43  Sentry  
  51  5:45  Probe  
  51  5:47  Probe  
  55  5:57  Probe  
  55  5:58  Probe  
  57  6:09  Probe  
  58  6:14  Immortal (Chrono Boost), Probe  
  58  6:17  Assimilator  
  63  6:20  Assimilator  
  63  6:21  Probe  
  63  6:22  Pylon  
  63  6:23  Forge  
  63  6:25  Probe  
  65  6:33  Twilight Council, Probe  
  65  6:35  Probe  
  67  6:46  Probe x2  
  66  6:47  Immortal (Chrono Boost)  
  71  6:58  Protoss Ground Weapons Level 1 (Chrono Boost), Probe  
  72  7:02  Gateway  
  72  7:03  Gateway  
  72  7:06  Gateway  
  72  7:19  Immortal  
  72  7:20  Gateway  
  72  7:24  Pylon  
  76  7:30  Sentry x2  
  76  7:32  Probe  
  81  7:41  Pylon  
  81  7:48  Pylon  
  81  7:55  Stalker x2  
  81  7:56  Observer  
  85  8:02  Stalker  
  85  8:03  Stalker x2  
  92  8:08  Gateway  
  92  8:22  Stalker x3  
  98  8:30  Stalker x2  
  98  8:32  Sentry  
  104  8:36  Probe x2  
  104  8:38  Observer  
  107  8:42  Protoss Ground Weapons Level 2 (Chrono Boost)  
  107  8:58  Stalker  
  107  8:59  Stalker x3  
  101  9:15  Stalker  
  101  9:16  Stalker x2  
  87  9:31  Probe  
  87  9:32  Nexus  
  84  9:38  Stalker x2  
  84  9:50  Immortal  
  80  9:58  Zealot x3  
  90  10:12  Probe x2  
  92  10:16  Void Ray (Chrono Boost)  
  96  10:24  Pylon  
  96  10:26  Pylon  
  96  10:27  Probe x2  
  98  10:30  Photon Cannon  
  98  10:37  Photon Cannon  
  98  10:39  Probe x2  
  100  10:43  Sentry x3  
  100  10:45  Probe  
  100  10:46  Protoss Ground Weapons Level 3 (Chrono Boost)  
  100  10:49  Sentry  
  109  10:55  Immortal  
  109  11:02  Probe  
  109  11:03  Probe  
  115  11:07  Pylon  
  115  11:12  Photon Cannon  
  115  11:19  Robotics Bay  
  115  11:21  Robotics Facility  
  115  11:23  Probe x2  
  117  11:30  Oracle  
  117  11:31  Probe  
  121  11:35  Assimilator  
  121  11:36  Immortal (Chrono Boost)  
  121  11:37  Pylon  
  121  11:39  Assimilator  
  121  11:44  Pylon  
  125  12:00  Adept x4  
  125  12:01  Adept x2  
  137  12:06  Probe x2  
  139  12:11  Disruptor (Chrono Boost)  
  142  12:21  Disruptor (Chrono Boost)  
  146  12:22  Probe  
  146  12:23  Probe  
  147  12:36  Pylon, Probe x2  
  149  12:42  Pylon  
  149  12:44  Nexus, Pylon  
  149  12:46  Disruptor (Chrono Boost)  
  149  12:47  Pylon  
  151  12:57  Disruptor (Chrono Boost)  
  154  13:00  Probe x2  
  154  13:02  Pylon  
  156  13:06  Pylon  
  156  13:15  Oracle  
  156  13:17  Disruptor (Chrono Boost)  
  156  13:19  Zealot  
  164  13:20  Zealot x5  
  174  13:27  Photon Cannon  
  174  13:32  Photon Cannon  
  176  13:42  Immortal (Chrono Boost)  
  176  13:51  Oracle  
  165  14:20  Zealot x2  
  165  14:21  Zealot x4  
Tags
 
Add a new tag
Caveats
  • Supply blocks, unpowered buildings, or Contaminate may cause inaccurate times.
  • Supply counts are checked every 10 seconds.